 Dungeon Crawl Stone Soup version 0.23-a0-393-g6e9e0f2070 (webtiles) character file.

7142 Notair the Severer (level 10, -10/76 HPs)
             Began as a Minotaur Gladiator on Oct 31, 2018.
             Was an Elder of Okawaru.
             Killed from afar by an electric eel (11 damage)
             ... with a bolt of electricity
             ... on level 8 of the Dungeon.
             The game lasted 00:27:57 (8430 turns).

Notair the Severer (Minotaur Gladiator)             Turns: 8430, Time: 00:27:57

Health: -10/76     AC: 12    Str: 19    XL:     10   Next: 85%
Magic:  9/9        EV:  9    Int:  8    God:    Okawaru [****..]
Gold:   619        SH:  0    Dex: 12    Spells: 9/9 levels left

rFire    . . .     SeeInvis .   N - +5 battleaxe
rCold    + . .     Gourm    .   (shield currently unavailable)
rNeg     . . .     Faith    .   p - +0 plate armour
rPois    .         Spirit   .   c - +0 hat
rElec    .         Reflect  .   (no cloak)
rCorr    .         Harm     .   u - +0 pair of gloves
MR       .....                  x - +0 pair of boots
Stlth    ..........             (no amulet)
HPRegen  0.62/turn              n - +3 ring of evasion
MPRegen  0.11/turn              (no ring)

@: no status effects
A: retaliatory headbutt, horns 2, cold resistance 1, frail 2, regeneration 1
a: Heroism, Renounce Religion


You were on level 8 of the Dungeon.
You worshipped Okawaru.
Okawaru was greatly pleased with you.
You were hungry.

You visited 2 branches of the dungeon, and saw 10 of its levels.
You also visited: Ossuary.

You collected 619 gold pieces.

Inventory:

Hand Weapons
 l - a +0 hunting sling
 N - a +5 battleaxe (weapon)
Missiles
 d - 3 throwing nets (quivered)
 g - 65 poisoned needles
 j - 33 sling bullets
 O - 8 tomahawks of returning
Armour
 c - a +0 hat (worn)
 p - a +0 plate armour (worn)
 u - a +0 pair of gloves (worn)
 x - a +0 pair of boots (worn)
Jewellery
 i - an uncursed amulet of magic regeneration {unknown}
 n - a +3 ring of evasion (left hand)
 I - an uncursed amulet of the gourmand {unknown}
Wands
 E - a wand of digging (5)
 M - a wand of acid (7)
Scrolls
 b - a scroll of immolation {unknown}
 e - 8 scrolls of identify
 h - 4 scrolls of teleportation
 o - 2 scrolls of enchant weapon
 s - a scroll of fog
 y - 3 scrolls of remove curse
 B - a scroll of random uselessness {unknown}
 D - 3 scrolls of magic mapping {unknown}
 H - a scroll of enchant armour {unknown}
 K - a scroll of noise {unknown}
 P - a scroll of amnesia {unknown}
 Q - a scroll of summoning {unknown}
Potions
 k - a potion of haste {unknown}
 m - 3 potions of curing
 q - 3 potions of cancellation
 r - a potion of brilliance {unknown}
 t - a potion of magic {unknown}
 v - 2 potions of flight
 w - a potion of ambrosia {unknown}
 z - a potion of mutation
 A - 2 potions of resistance {unknown}
 C - 3 potions of heal wounds {unknown}
 F - a potion of degeneration {unknown}
 G - a potion of berserk rage {unknown}
 J - 2 potions of lignification {unknown}
Miscellaneous
 L - a sack of spiders
Comestibles
 f - 17 rations


   Skills:
 + Level 11.6 Fighting
 * Level 15.7 Axes
 - Level 2.0 Throwing
 - Level 3.2 Dodging


You had 9 spell levels left.
You didn't know any spells.
Your spell library contained the following spells:

 Spells                   Type           Power        Failure   Level  Hunger
 Beastly Appendage        Tmut           #.....       100%        1    ##.....
 Confusing Touch          Hex            #.....       100%        1    ##.....
 Sticks to Snakes         Tmut           #.......     100%        2    ###....
 Confuse                  Hex            #.......     100%        3    ####...
 Gell's Gravitas          Tloc           #.........   100%        3    ####...
 Spider Form              Tmut/Pois      #.........   100%        3    ####...
 Ice Form                 Ice/Tmut       #.......     100%        4    #####..
 Petrify                  Tmut/Erth      #.......     100%        4    #####..
 Blade Hands              Tmut           #.........   100%        5    ######.
 Metabolic Englaciation   Hex/Ice        #.........   100%        5    ######.
 Yara's Violent Unravell  Hex/Tmut       #.........   100%        5    ######.


Dungeon Overview and Level Annotations

Branches:
Dungeon (9/15)             Temple (1/1) D:6            Lair (0/6) D:8
    Orc: D:9-12

Altars:
Ashenzari
Dithmenos
Elyvilon
Fedhas
Gozag
Hepliaklqana
Kikubaaqudgha
Nemelex Xobeh
Okawaru
Qazlal
Ru
Trog
Uskayaw
Vehumet
Wu Jian
Xom
Zin
The Shining One

Shops:
D:6 (

Annotations:
D:9 exclusion: obsidian statue


Innate Abilities, Weirdness & Mutations

You reflexively headbutt those who attack you in melee.
You have a pair of horns on your head.
Your flesh is cold resistant. (rC+)
You are very frail. (-20% HP)
Your natural rate of healing is unusually fast.


Message History

You closely miss the electric eel.
The electric eel is almost dead.
The electric eel shoots out a bolt of lightning at you!
The bolt of electricity hits you!
* * * LOW HITPOINT WARNING * * *
You completely miss the electric eel.
The electric eel is almost dead.
Your plate armour prevents you from hitting the electric eel.
Your headbutt misses the electric eel.
The electric eel is almost dead.
You miss the electric eel.
The electric eel is almost dead.
The electric eel shoots out a bolt of lightning at you!
The bolt of electricity hits you!
* * * LOW HITPOINT WARNING * * *
The bolt of electricity hits you!
* * * LOW HITPOINT WARNING * * *
The electric eel shoots out a bolt of lightning at you!
The bolt of electricity hits you!
You die...

#..≈≈≈≈≈.≈≈≈ #..≈≈≈≈≈.≈≈≈.... .#
#......# #...≈≈≈≈.≈≈.≈≈.. ..#
#.###....... #...≈≈≈≈.≈.≈≈≈.. ..#
#... ....... ..≈≈≈≈. #.# #..#
...... .≈≈≈≈≈≈ #.# #..# #..#.#
..≈≈≈≈≈##.###..# #..#.#
#.≈≈h)≈.>.≈≈≈≈≈≈#...##..####..#.#
#..≈≈≈....≈≈≈≈≈;@.............#.#
#.≈≈≈≈.≈.≈.≈≈≈≈≈#...##......#...#
....≈≈≈≈≈≈≈≈≈≈≈≈##.####.##.###.##
....≈≈≈≈≈≈≈≈≈≈.; #.# #...## ##..
..≈;≈.≈.≈≈≈≈≈.≈.##.# ####.###.##
..;..≈.≈≈≈≈.≈≈..##.# ##.#.##
†....≈.≈.....≈..##.# ##.##
.......≈........##.# #.#
†)..............##<#########.#


You could see 2 electric eels.

Vanquished Creatures
  The ghost of dleb1993 the Chopper, a novice HOFi of Uskayaw (D:7)
  A manticore (D:9)
  A troll (D:9)
  4 hippogriffs
  Sigmund (D:6)
  2 wyverns
  A water moccasin (D:6)
  Duvessa (D:6)
  2 ice beasts
  3 orc warriors
  3 sky beasts
  A black bear (D:9)
  A necrophage (D:6)
  A phantom (D:5)
  4 wolves (D:8)
  2 ogres (D:6)
  2 centaurs
  7 bullfrogs
  A big kobold (D:7)
  Dowan (D:6)
  7 scorpions (D:6)
  9 wights
  5 howler monkeys
  3 centaur zombies
  7 crimson imps
  A gnoll shaman (D:6)
  4 hounds
  3 human zombies (Ossuary)
  3 jellies
  6 orc priests
  4 orc wizards
  A centaur skeleton (D:4)
  An iguana (D:9)
  6 worker ants
  2 mummies (Ossuary)
  14 adders
  4 gnolls
  3 shadow imps
  2 oozes
  An adder zombie (D:6)
  A worm (D:3)
  A dart slug (D:1)
  8 leopard geckos
  22 orcs
  A ball python (D:5)
  5 giant cockroaches
  5 goblins
  5 hobgoblins
  34 jackals
  10 kobolds
  14 bats
  4 frilled lizards
  12 hobgoblin zombies (Ossuary)
  9 kobold zombies (Ossuary)
  9 orc zombies (Ossuary)
  6 rats
  2 rat zombies (Ossuary)
  A withered plant (D:7)
275 creatures vanquished.

Vanquished Creatures (others)
  A withered plant (D:7)
1 creature vanquished.

Grand Total: 276 creatures vanquished

Notes
Turn   | Place    | Note
-------+----------+-------------------------------------------
     0 | D:1      | Notair the Minotaur Gladiator began the quest for the Orb.
     0 | D:1      | Reached XP level 1. HP: 18/18 MP: 0/0
    85 | D:1      | Reached skill level 4 in Axes
   252 | D:1      | Reached XP level 2. HP: 22/25 MP: 1/1
   564 | D:1      | Reached XP level 3. HP: 23/31 MP: 2/2
  1169 | D:2      | Reached skill level 5 in Axes
  1269 | D:2      | Found a bloodstained altar of Trog.
  1322 | D:2      | Found a blossoming altar of Fedhas.
  1322 | D:2      | Found a glowing golden altar of the Shining One.
  1895 | D:3      | Reached XP level 4. HP: 38/38 MP: 3/3
  2467 | D:4      | Reached skill level 6 in Axes
  2467 | D:4      | Reached XP level 5. HP: 42/46 MP: 4/4
  2639 | D:4      | Reached skill level 7 in Axes
  2784 | D:4      | Reached XP level 6. HP: 53/53 MP: 5/5
  2830 | D:4      | Reached skill level 5 in Fighting
  3081 | D:5      | Entered Level 5 of the Dungeon
  3149 | D:5      | Noticed an orc warrior
  3565 | D:5      | Reached skill level 8 in Axes
  3566 | D:5      | Noticed a sky beast
  3583 | D:4      | Killed a sky beast
  3583 | D:4      | Reached XP level 7. HP: 22/62 MP: 6/6
  4240 | D:5      | Reached skill level 9 in Axes
  4513 | D:5      | Gained mutation: You are frail. (-10% HP) [potion of
                  | mutation]
  4513 | D:5      | Gained mutation: You are very frail. (-20% HP) [potion of
                  | mutation]
  4513 | D:5      | Gained mutation: Your natural rate of healing is unusually
                  | fast. [potion of mutation]
  4513 | D:5      | Gained mutation: Your flesh is cold resistant. (rC+)
                  | [potion of mutation]
  4516 | D:5      | Reached XP level 8. HP: 20/56 MP: 7/7
  4925 | D:6      | Reached skill level 10 in Axes
  4956 | D:6      | Found a staircase to the Ecumenical Temple.
  4967 | Temple   | Entered the Ecumenical Temple
  5017 | Temple   | Became a worshipper of Warmaster Okawaru
  5083 | D:6      | Found a sand-covered staircase.
  5090 | Ossuary  | Entered an ossuary
  5394 | D:6      | Reached skill level 11 in Axes
  5404 | D:6      | Reached * piety under Okawaru
  5607 | D:6      | Noticed Sigmund
  5612 | D:6      | Killed Sigmund
  5612 | D:6      | Reached XP level 9. HP: 65/65 MP: 8/8
  5640 | D:6      | Got an ancient cloak
  5730 | D:6      | Found Goax's Antique Weapon Emporium.
  5738 | D:6      | Identified the cursed -4 cloak of Hopscotch {rPois rF+
                  | Str+4} (You found it on level 6 of the Dungeon)
  5888 | D:6      | Reached skill level 12 in Axes
  5905 | D:6      | Noticed Duvessa
  5906 | D:6      | Noticed Dowan
  5915 | D:6      | Killed Duvessa
  5917 | D:6      | Killed Dowan
  6147 | D:6      | Reached ** piety under Okawaru
  6207 | D:6      | Found the +7 Singing Sword {slice, sonic wave}
  6281 | D:7      | You fall through a shaft for 2 floors!
  6361 | D:9      | Reached skill level 13 in Axes
  6547 | D:9      | Noticed an obsidian statue
  6601 | D:9      | Reached skill level 10 in Fighting
  6626 | D:9      | Noticed a manticore
  6647 | D:9      | Killed a manticore
  6647 | D:9      | Reached *** piety under Okawaru
  6647 | D:9      | Reached XP level 10. HP: 10/74 MP: 6/9
  6803 | D:9      | Reached skill level 14 in Axes
  7007 | D:8      | Found a staircase to the Lair.
  7032 | D:8      | Reached **** piety under Okawaru
  7231 | D:8      | Received a gift from Okawaru
  7320 | D:8      | Noticed a hand axe
  7325 | D:8      | Noticed a hand axe
  7327 | D:8      | Found a hide-covered altar of Uskayaw.
  7361 | D:8      | Reached skill level 15 in Axes
  7413 | D:8      | Found a shadowy altar of Dithmenos.
  7784 | D:7      | Found a runed door.
  7784 | D:7      | Noticed dleb1993's ghost (novice HOFi)
  7824 | D:7      | Killed dleb1993's ghost
  8430 | D:8      | HP: 1/76 [electric eel/bolt of electricity (8)]
  8430 | D:8      | Killed from afar by an electric eel

Vault maps used:
D:1:      dpeg_arrival_oval
D:2:      amethyst_overflow_temple_binary, overflow_temple_1_default
D:4:      first_ration, chequers_serial_rivers_large_a
D:5:      serial_bayou_pond_d, hangedman_decor_growths
D:6:      old_forge, minmay_temple_entry_trees, serial_shops,
          kennysheep_mini_moat, nicolae_ossuary_entry_monument, uniq_sigmund,
          uniq_duvessa
D:7:      gammafunk_ghost_grave
D:8:      marbit_many_paths, dancing_weapons_uskayaw, erik_lair_island
D:9:      overflow_temple_1_default, minmay_statue_bubble
Temple:   kb_temple_of_zot
Ossuary:  ossuary_tomb_1

Skill      XL: |  1  2  3  4  5  6  7  8  9 10 |
---------------+-------------------------------+-----
Axes           | 4 5 6 7 8 9 11 13 15 | 15.7
Fighting       | 3 4 5 6 8 10 11 | 11.6
Throwing       | |  2.0
Dodging        | |  3.2

Action                   |  1- 3 |  4- 6 |  7- 9 | 10-12 || total
-------------------------+-------+-------+-------+-------++-------
Melee: War axe           |    94 |   129 |   114 |       ||   337
       Headbutt          |    12 |    16 |    57 |    31 ||   116
       Broad axe         |       |       |   240 |   101 ||   341
       Punch             |       |       |     2 |       ||     2
       Battleaxe         |       |       |       |    58 ||    58
Throw: Throwing net      |     2 |       |     4 |       ||     6
Invok: Heroism           |       |       |     3 |     3 ||     6
  Use: Potion            |       |       |     4 |       ||     4
       Scroll            |       |       |     5 |       ||     5
 Stab: Sleeping          |     1 |       |       |       ||     1
  Eat: Chunk             |     1 |     7 |    11 |     5 ||    24
Armor: Leather armour    |     6 |       |       |       ||     6
       Chain mail        |    35 |    44 |       |       ||    79
       Plate armour      |       |    49 |   176 |    89 ||   314
Dodge: Dodged            |    48 |    88 |   150 |    77 ||   363

Table legend:
 A = Non-vault XP
 B = Vault XP
 C = Vault XP percentage of total XP
 D = Non-vault monster count
 E = Vault monster count
 F = Vault count percentage of total count
                 A         B        C        D         E       F
            +---------+---------+-------+---------+---------+-------
      Total |    7728 |    2476 |  24.3 |     211 |      63 |  23.0
            +---------+---------+-------+---------+---------+-------
        D:1 |      61 |       0 |   0.0 |      23 |       0 |   0.0
        D:2 |      33 |       0 |   0.0 |      14 |       0 |   0.0
        D:3 |      73 |       0 |   0.0 |      27 |       0 |   0.0
        D:4 |     548 |       0 |   0.0 |      20 |       0 |   0.0
        D:5 |     830 |       0 |   0.0 |      26 |       0 |   0.0
        D:6 |    1140 |     888 |  43.8 |      33 |      18 |  35.3
        D:7 |    1190 |     781 |  39.6 |      23 |       1 |   4.2
        D:8 |    1500 |     556 |  27.0 |      21 |       6 |  22.2
        D:9 |    2353 |       0 |   0.0 |      24 |       0 |   0.0
    Ossuary |       0 |     251 | 100.0 |       0 |      38 | 100.0
            +---------+---------+-------+---------+---------+-------
